Map: Acid Plant LE

Players

CNasty - Winner!

  • Race: Protoss Protoss
  • League: Gold
  • Spawn Location: 5:00

Infamous

  • Race: Protoss Protoss
  • League: Gold
  • Spawn Location: 11:00

VOD

Have the link to the VOD?

Description

Time

  • Played on: April 20, 2018, 1:26 p.m.
  • Length: 12:58
Show
View Real Time Build Order
Export as new Build Order

CNasty Protoss - Winner!

Build Orders: 1 Gate Expand 

Get SALT Encoding   

  12  0:00  Probe  
  13  0:13  Probe  
  14  0:18  Pylon  
  14  0:23  Probe  
  15  0:32  Probe  
  15  0:39  Gateway  
  15  0:40  Probe  
  16  0:48  Assimilator  
  17  0:56  Probe  
  18  1:13  Probe  
  19  1:26  Cybernetics Core  
  19  1:32  Zealot  
  21  1:34  Warp Gate  
  21  1:43  Nexus  
  21  1:50  Pylon  
  21  1:55  Assimilator  
  21  1:59  Probe  
  22  2:09  Stalker  
  24  2:29  Gateway  
  24  2:33  Gateway  
  24  2:40  Pylon  
  24  2:44  Probe  
  25  2:56  Probe, Stalker  
  28  3:02  Probe  
  29  3:10  Probe x2  
  30  3:18  Probe  
  31  3:23  Probe  
  29  3:35  Probe  
  30  3:51  Probe x2  
  32  3:57  Stalker x3  
  38  4:09  Robotics Facility  
  37  4:11  Robotics Facility  
  37  4:15  Probe  
  37  4:16  Probe  
  35  4:23  Probe  
  35  4:24  Probe  
  37  4:27  Sentry  
  37  4:29  Sentry  
  43  4:32  Probe  
  44  4:41  Stalker  
  44  4:42  Probe  
  44  4:45  Probe  
  48  4:54  Probe  
  48  4:57  Probe  
  50  5:00  Observer  
  50  5:01  Observer  
  50  5:03  Zealot  
  54  5:08  Pylon  
  54  5:13  Pylon  
  54  5:18  Pylon  
  54  5:22  Pylon  
  54  5:26  Probe x2  
  60  5:28  Immortal  
  58  5:38  Probe  
  58  5:42  Stalker x2  
  63  5:47  Stalker  
  63  5:51  Probe x2  
  63  6:03  Probe  
  64  6:07  Immortal  
  64  6:09  Assimilator  
  69  6:11  Probe  
  69  6:13  Assimilator  
  69  6:15  Probe  
  70  6:23  Probe  
  71  6:26  Immortal  
  75  6:35  Zealot x3  
  81  6:46  Immortal  
  85  6:51  Forge  
  85  6:54  Forge  
  85  6:58  Probe  
  86  7:09  Pylon  
  86  7:10  Pylon  
  86  7:15  Pylon  
  86  7:24  Stargate  
  86  7:27  Probe x2  
  88  7:30  Photon Cannon  
  88  7:34  Stargate  
  88  7:35  Observer x2  
  90  7:43  Probe x2  
  92  7:56  Twilight Council  
  92  7:58  Photon Cannon  
  92  8:00  Photon Cannon  
  92  8:06  Photon Cannon  
  92  8:08  Photon Cannon  
  92  8:11  Photon Cannon  
  92  8:24  Nexus  
  92  8:27  Pylon  
  92  8:36  Protoss Ground Armor Level 1  
  92  8:37  Protoss Air Weapons Level 1, Protoss Ground Weapons Level 1  
  92  8:40  Templar Archives  
  92  8:41  Dark Shrine  
  92  8:56  Void Ray  
  92  9:00  Observer x2  
  98  9:11  Void Ray  
  98  9:12  Probe x2  
  104  9:24  Probe x2  
  106  9:36  Probe  
  107  9:39  Probe x2  
  107  9:42  Pylon  
  109  9:46  Pylon  
  109  9:48  Void Ray  
  109  9:50  Pylon  
  109  9:51  Assimilator  
  113  10:02  Zealot x3  
  113  10:06  Void Ray  
  123  10:19  Stargate  
  123  10:22  Protoss Air Armor Level 1  
  123  10:24  Stargate x2  
  123  10:32  Gateway  
  123  10:34  Gateway  
  123  10:38  Protoss Shields Level 1  
  123  10:40  Gateway  
  123  10:42  Photon Cannon  
  123  10:54  Zealot x3  
  129  10:58  Probe x3  
  129  11:02  Assimilator  
  132  11:08  Photon Cannon  
  132  11:10  Probe x3  
  135  11:12  Photon Cannon  
  135  11:15  Photon Cannon  
  135  11:20  Photon Cannon  
  135  11:22  Probe x2, Zealot  
  135  11:23  Zealot x2  
  143  11:38  Void Ray  
  143  11:39  Void Ray  
  147  11:46  Zealot  
  148  12:11  Zealot x4  
  148  12:12  Zealot  
  127  12:27  Zealot  
  110  12:31  Zealot x2  
  110  12:32  Zealot x3  
  102  12:49  Zealot  
  104  12:52  High Templar x3  
  104  12:53  High Templar  
Show
View Real Time Build Order
Export as new Build Order

Infamous Protoss 

Build Orders:  

Get SALT Encoding   

  12  0:01  Probe  
  13  0:13  Probe  
  13  0:15  Pylon  
  14  0:21  Probe  
  15  0:32  Probe  
  16  0:38  Gateway  
  16  0:44  Probe  
  17  0:51  Assimilator  
  17  0:56  Probe  
  18  1:09  Probe  
  19  1:26  Gateway  
  19  1:27  Probe  
  19  1:29  Cybernetics Core  
  20  1:45  Probe  
  21  1:49  Assimilator  
  21  1:51  Pylon  
  20  1:56  Warp Gate  
  20  1:58  Probe  
  21  2:05  Adept x2  
  23  2:11  Probe  
  26  2:30  Adept  
  28  2:44  Nexus  
  28  2:49  Probe, Pylon  
  29  2:52  Sentry  
  31  3:07  Probe  
  32  3:14  Pylon  
  32  3:19  Probe  
  33  3:28  Stalker  
  33  3:37  Probe  
  33  3:38  Stalker  
  38  3:55  Shield Battery  
  38  3:57  Shield Battery, Robotics Facility  
  40  4:30  Probe  
  38  4:34  Probe  
  38  4:36  Gateway  
  38  4:38  Probe, Gateway  
  40  4:40  Gateway, Observer  
  41  4:46  Probe  
  41  4:47  Probe  
  44  4:57  Forge  
  44  4:58  Probe  
  45  5:00  Stalker x2  
  45  5:03  Immortal  
  53  5:43  Stalker  
  53  5:44  Stalker  
  53  5:49  Probe x2  
  59  5:52  Immortal, Protoss Ground Weapons Level 1  
  60  6:08  Probe x2  
  62  6:18  Assimilator, Robotics Bay  
  62  6:22  Assimilator  
  62  6:27  Pylon x2  
  62  6:31  Pylon  
  62  6:36  Immortal  
  62  6:45  Probe  
  67  6:49  Probe  
  67  6:51  Robotics Facility  
  68  6:57  Probe  
  69  7:10  Stalker  
  69  7:12  Nexus, Zealot  
  69  7:15  Pylon  
  73  7:16  Sentry x2  
  73  7:18  Pylon  
  77  7:26  Extended Thermal Lance  
  77  7:33  Twilight Council  
  77  7:48  Photon Cannon  
  77  7:51  Photon Cannon  
  77  7:52  Probe  
  77  7:53  Probe  
  77  7:56  Protoss Ground Armor Level 1  
  77  7:57  Stalker  
  81  8:11  Immortal  
  85  8:20  Probe x2  
  87  8:30  Disruptor  
  87  8:32  Probe  
  87  8:33  Probe x2  
  93  8:52  Forge  
  93  8:57  Dark Shrine, Stalker x2  
  93  8:58  Stalker  
  99  9:04  Probe x2  
  99  9:05  Probe  
  102  9:13  Pylon  
  102  9:16  Immortal  
  106  9:19  Charge  
  106  9:24  Colossus  
  112  9:35  Sentry x4  
  120  9:39  Stalker  
  122  9:48  Probe  
  122  9:49  Probe  
  124  9:55  Probe, Pylon  
  125  10:01  Gateway  
  125  10:02  Gateway  
  125  10:13  Probe  
  126  10:21  Warp Prism  
  128  10:30  Protoss Ground Armor Level 2, Protoss Ground Weapons Level 2  
  128  10:39  Observer Gravitic Boosters  
  128  10:44  Observer  
  129  11:03  Zealot x2  
  133  11:11  Pylon  
  133  11:13  Pylon  
  133  11:15  Pylon  
  133  11:26  Pylon  
  133  11:27  Pylon  
  133  11:29  Probe x3  
  133  11:30  Pylon  
  136  11:42  Probe  
  136  11:46  Dark Templar x6  
  143  12:02  Stalker  
  108  12:32  Stalker x2  
  108  12:33  Stalker x5  
Tags
 
League
GoldGold
Matchup
PvP
Replay Pack
Last Remnant (2)
Spawn Locations
Cross Positions
Add a new tag
Caveats
  • Supply blocks, unpowered buildings, or Contaminate may cause inaccurate times.
  • Supply counts are checked every 10 seconds.